 Dungeon Crawl Stone Soup version 0.29-a0-72-g1732ff48e7 (webtiles) character file.

Game seed: 14764874970418607290

374 testman the Sneak (level 7, 0/46 HPs)
             Began as a Kobold Delver on Feb 3, 2022.
             Killed by divine providence
             ... invoked by an orc priest
              (9 damage)
             ... on level 2 of the Dungeon.
             The game lasted 00:15:00 (2926 turns).

testman the Sneak (Kobold Delver)                   Turns: 2926, Time: 00:15:00

Health: 0/46       AC:  4    Str:  9    XL:     7   Next: 3%
Magic:  16/16      EV: 14    Int: 11    God:
Gold:   133        SH:  0    Dex: 19    Spells: 6/6 levels left

rFire   . . .      SeeInvis .   h - +0 dagger (venom)
rCold   . . .      Faith    .   (no shield)
rNeg    . . .      Spirit   .   b - +0 leather armour
rPois   .          Reflect  .   (no helmet)
rElec   .          Harm     .   e - +0 cloak
rCorr   .          Rampage  .   (no gloves)
Will    +....                   (no boots)
Stlth   ++++......              (no amulet)
HPRegen 0.15/turn               j - ring of willpower
MPRegen 0.15/turn               a - ring of magical power

@: no status effects
A: small, no large weapons, nightstalker 3
a: no special abilities


You were on level 2 of the Dungeon.
You visited 1 branch of the dungeon, and saw 5 of its levels.

You collected 133 gold pieces.

Inventory:

Hand Weapons
 h - a +0 dagger of venom (weapon)
 l - a +0 dagger of holy wrath
Missiles
 i - 164 stones (quivered)
Armour
 b - a +0 leather armour (worn)
 e - a +0 cloak (worn)
Jewellery
 a - a ring of magical power (right hand)
 j - a ring of willpower (left hand)
Wands
 g - a wand of digging (3)
 k - a wand of paralysis (7)
Scrolls
 c - a scroll of fog
 d - a scroll of magic mapping
 m - 3 scrolls of identify
 s - a scroll of noise {unknown}
 v - a scroll of holy word {unknown}
Potions
 f - a potion of lignification
 n - a potion of magic {unknown}
 o - a potion of curing {unknown}
 p - a potion of flight {unknown}
 q - a potion of berserk rage {unknown}
 r - a potion of degeneration {unknown}
 t - a potion of mutation {unknown}
 u - a potion of resistance {unknown}


   Skills:
 + Level 6.0 Fighting
 + Level 6.5 Short Blades
 - Level 2.4 Dodging
 + Level 6.9 Stealth


You had 6 spell levels left.
You didn't know any spells.
Your spell library contained the following spells:

 Spells                   Type           Power      Damage    Failure   Level
 Fulminant Prism          Conj/Hex       0%         3d6       99%         4
 Iskenderun's Mystic Bla  Conj/Tloc      0%         2d3       99%         4
 Lee's Rapid Deconstruct  Erth           0%         3d5*      100%        5


Dungeon Overview and Level Annotations

Branches:
Dungeon (5/15)
 Temple: D:4-7

Altars:


Innate Abilities, Weirdness & Mutations

You are small and have problems with some larger weapons.
You are completely attuned to the shadows.


Message History

An orc comes into view. It is wielding a +0 club.
An orc priest comes into view. It is wielding a +0 whip.
The helpless orc fails to defend itself.
You spit the orc like a pig!!!
You kill the orc!
The helpless orc fails to defend itself.
You spit the orc like a pig!!!
You kill the orc!
An orc comes into view. It is wielding a +0 falchion.
Found 25 gold pieces.
The orc priest invokes the aid of Beogh against you.
Pain shoots through your body!
You see here a +0 club.
You hit the orc priest but do no damage.
The orc priest is poisoned.
The orc priest calls down the wrath of Beogh upon you.
Beogh smites you!
You hear a shout!
You hit the orc priest but do no damage.
The orc priest looks as sick as possible!
The orc priest is lightly wounded.
An orc comes into view. It is wielding a +0 short sword.
You hit the orc priest but do no damage.
The orc priest looks as sick as possible!
The orc priest is lightly wounded.
The orc priest mumbles some strange prayers to Beogh against you.
Beogh smites you!
You are too injured to fight recklessly!
You are too injured to fight recklessly!
You are too injured to fight recklessly!
You hit the orc priest but do no damage.
The orc priest looks as sick as possible!
The orc priest is moderately wounded.
The orc priest barely misses you.
The orc priest invokes the aid of Beogh against you.
Beogh smites you!
* * * LOW HITPOINT WARNING * * *
The orc priest mumbles some strange prayers to Beogh against you.
Beogh smites you!
You die...

....#.####.........
##....÷<#.#####...
#$⌠$###...#...# #..>
.....##...#.### #... #####
......#...#.# #... ....#
≈..o≈.#...#.# ....#
..o.).#...#.# ....#
....).#...#.### ....#
....o@#..†....# ....#
≈...≈.#.......# ...<#
......#.......#### #####
.................# #######
.(....#.......)..# #.....#
#####...#........# #.....#
#...#........#
......##########...#........#
.)............##............#


You could see an orc priest (extremely poisoned) and 2 orcs.

Vanquished Creatures
  A sky beast (D:5)
  An ogre (D:4)
  A scorpion (D:5)
  An iguana (D:5)
  Jessica (D:2)
  4 adders
  2 worms
  3 dart slugs
  2 orcs (D:2)
  5 endoplasms
  4 giant cockroaches
  4 goblins
  5 hobgoblins
  3 ball pythons
  3 frilled lizards
  5 kobolds
  5 rats
50 creatures vanquished.

Notes
Turn   | Place    | Note
-------+----------+-------------------------------------------
     0 | D:5      | testman the Kobold Delver began the quest for the Orb.
     0 | D:5      | Reached XP level 1. HP: 14/14 MP: 1/1
    25 | D:5      | Noticed a jelly
    43 | D:5      | Noticed an iguana
    95 | D:4      | Noticed an orc wizard
   113 | D:4      | Noticed an ogre
   157 | D:4      | Noticed an iguana
   161 | D:4      | Killed an ogre
   162 | D:4      | Reached XP level 2. HP: 20/20 MP: 2/2
   162 | D:4      | Reached XP level 3. HP: 24/24 MP: 3/3
   162 | D:4      | Reached XP level 4. HP: 30/30 MP: 4/4
   772 | D:5      | Noticed a scorpion
   893 | D:5      | Noticed a sky beast
   900 | D:5      | Killed a sky beast
   901 | D:5      | Reached skill level 5 in Fighting
   901 | D:5      | Reached skill level 5 in Short Blades
   901 | D:5      | Reached XP level 5. HP: 35/35 MP: 5/5
  1130 | D:5      | Noticed a necrophage
  1197 | D:5      | Reached XP level 6. HP: 40/40 MP: 6/6
  2828 | D:2      | Noticed Jessica
  2836 | D:2      | Killed Jessica
  2837 | D:2      | Reached XP level 7. HP: 45/46 MP: 7/7
  2926 | D:2      | Killed from afar by an orc priest

Illustrated notes

Levels and vault maps discovered:
D:1:      lordsloth_arrival_two_stooges, layout_loops_ring, minmay_domino_2
D:2:      cheibrodos_pilgrimage, layout_basic, uniq_sigmund, uniq_jessica
D:3:      layout_basic, lemuel_crystal_altar, amcnicky_altar_gilded,
          gammafunk_ghost_necromancy
D:4:      layout_cave_pods, trog_butcher_becter, kennysheep_potato
D:5:      minmay_bubble_buster, layout_rooms, dk_noncrumbling_2,
          uniq_blork_the_orc

Skill      XL: |  1  2  3  4  5  6 |
---------------+-------------------+-----
Fighting       | 4 5 6 |  6.0
Short Blades   | 4 5 6 |  6.5
Dodging        | |  2.4
Stealth        | |  6.9

Action                   |  1- 3 |  4- 6 |  7- 9 || total
-------------------------+-------+-------+-------++-------
Melee: Short sword       |     2 |    78 |       ||    80
       Dagger            |       |    69 |    10 ||    79
       Punch             |       |     2 |       ||     2
Evoke: Wand              |       |     2 |       ||     2
  Use: Scroll            |       |     3 |       ||     3
       Potion            |       |     1 |       ||     1
 Stab: Sleeping          |     1 |    19 |     2 ||    22
       Paralysed         |       |     1 |       ||     1
Armor: Leather armour    |       |    18 |       ||    18
Dodge: Dodged            |       |    63 |     4 ||    67

Table legend: (Time is in decaauts)
 A = Elapsed time spent in this place.
 B = Non-inter-level travel time spent in this place.
 C = Inter-level travel time spent in this place.
 D = Time resting spent in this place.
 E = Time spent auto-exploring this place.
 F = Levels seen in this place.
 G = Mean time per level.
                   A        B        C        D        E       F      G
               +--------+--------+--------+--------+--------+-----+--------+
         Total |   2866 |   2842 |     24 |   1054 |    852 |   5 |  573.2 |
       Dungeon |   2866 |   2842 |     24 |   1054 |    852 |   5 |  573.2 |
               +--------+--------+--------+--------+--------+-----+--------+

Top non-repeatable levels by time:
     D:5: 1099 daAuts
     D:1: 774 daAuts
     D:4: 442 daAuts
     D:2: 300 daAuts
     D:3: 250 daAuts
